 Dungeon Crawl Stone Soup version 0.24.0-123-gd5b16e6ec5 (webtiles) character file.

Game seed: 7477721169663076500, levelgen mode: deterministic

165127 Curus the Warrior (level 17, -10/170 HPs)
             Began as a Minotaur Berserker on Jan 21, 2020.
             Was the Champion of Trog.
             Killed from afar by a deep elf mage (27 damage)
             ... with a bolt of lightning
             ... on level 2 of the Elven Halls.
             The game lasted 01:59:19 (25348 turns).

Curus the Warrior (Minotaur Berserker)             Turns: 25348, Time: 01:59:20

Health: -10/170    AC: 30    Str: 24    XL:     17   Next: 27%
Magic:  7/7        EV:  8    Int:  7    God:    Trog [******]
Gold:   1524       SH: 14    Dex: 18    Spells: 16/16 levels left

rFire    + + .     SeeInvis .   i - +2 demon whip (antimagic)
rCold    + + .     Gourm    .   J - +2 shield of Resistance {rF+ rC+ MR+}
rNeg     . . .     Faith    .   M - +5 plate armour {rF+}
rPois    .         Spirit   .   (helmet restricted)
rElec    .         Reflect  .   C - +0 cloak
rCorr    .         Harm     .   n - +1 pair of gloves
MR       ++++.                  l - +1 pair of boots
Stlth    ..........             R - amulet of regeneration
HPRegen  1.78/turn              Y - ring of protection from cold
MPRegen  0.10/turn              U - +6 ring of dexterity

@: berserk cooldown, regenerating, slowed, drained, very slow
A: retaliatory headbutt, horns 2
a: Berserk, Trog's Hand, Brothers in Arms, Renounce Religion


You were on level 2 of the Elven Halls.
You worshipped Trog.
Trog was exalted by your worship.
You were hungry.

You visited 4 branches of the dungeon, and saw 25 of its levels.
You also visited: Bailey and Ice Cave.

You collected 2469 gold pieces.
You spent 945 gold pieces at shops.

Inventory:

Hand Weapons
 b - a +2 antimagic eveningstar
 i - a +2 antimagic demon whip (weapon)
Armour
 l - a +1 pair of boots (worn)
 n - a +1 pair of gloves (worn)
 C - a +0 cloak (worn)
 J - the +2 shield of Resistance (worn) {rF+ rC+ MR+}
   (You found it on level 5 of the Lair of Beasts)

   It protects you from fire.
   It protects you from cold.
   It affects your resistance to hostile enchantments.
 M - a +5 plate armour of fire resistance (worn)
 V - a scarf of spirit shield
Jewellery
 q - an uncursed ring of fire
 r - an uncursed ring of resist corrosion
 s - an uncursed amulet of rage
 v - a +4 ring of intelligence
 y - an uncursed ring of attention
 I - an uncursed amulet of the acrobat
 K - an uncursed amulet of harm
 P - an uncursed ring of wizardry
 R - an amulet of regeneration (around neck)
 T - an uncursed ring of flight
 U - a +6 ring of dexterity (right hand)
 Y - a ring of protection from cold (left hand)
Wands
 k - a wand of flame (46)
 t - a wand of enslavement (19)
 A - a wand of polymorph (23)
 B - a wand of iceblast (39)
 E - a wand of clouds (6)
 F - a wand of scattershot (7)
 L - a wand of random effects (54)
Scrolls
 a - a scroll of holy word
 d - 3 scrolls of fog
 e - 21 scrolls of identify
 f - 7 scrolls of immolation
 g - a scroll of enchant weapon
 h - 9 scrolls of fear
 m - 5 scrolls of blinking
 o - 14 scrolls of teleportation
 u - 10 scrolls of remove curse
 S - a scroll of magic mapping
Potions
 j - 14 potions of curing
 p - 7 potions of brilliance
 w - 3 potions of haste
 z - a potion of ambrosia
 D - a potion of might
 H - 5 potions of heal wounds
 O - a potion of cancellation
 Q - 2 potions of magic
 X - 2 potions of flight
Comestibles
 c - 39 rations


   Skills:
 + Level 19.8(18.5) Fighting
 - Level 16.8(15.6) Maces & Flails
 + Level 19.7(18.4) Armour
 - Level 2.1(1.3) Dodging
 - Level 10.1(9.1) Shields
 - Level 7.1(6.1) Evocations


You had 16 spell levels left.
You didn't know any spells.
Your spell library was empty.

Dungeon Overview and Level Annotations

Branches:
Dungeon (15/15)            Temple (0/1) D:4            Lair (6/6) D:11
  Swamp (0/4) Lair:2       Spider (0/4) Lair:2        Slime (0/5) Lair:6
    Orc (2/2) D:11            Elf (2/3) Orc:2        Vaults (0/5) D:14
 Depths (0/5) D:15         Bailey (visited)           IceCv (visited)

Altars:
Uskayaw
Vehumet
Xom
Yredelemnul
Beogh

Shops:
D:8 [   Orc:2 [%!?   Elf:1 }=}[

Annotations:
Elf:1 exclusion: orange crystal statue


Innate Abilities, Weirdness & Mutations

You reflexively headbutt those who attack you in melee.
You have a pair of horns on your head.


Message History

You barely miss the deep elf mage. You headbutt the deep elf mage.
The deep elf mage is almost dead.
The deep elf mage falters for a moment.
You whack the deep elf mage!
You kill the deep elf mage!
Trog accepts your kill.
Trog appreciates your killing of a magic user.
You block the +3 war axe of freezing's attack.
The deep elf mage points at you and mumbles some strange words.
The bolt of lightning misses you.
You hit the +3 war axe of freezing.
You headbutt the +3 war axe of freezing, but do no damage.
The +3 war axe of freezing is lightly damaged.
The +3 war axe of freezing hits you!
* * * LOW HITPOINT WARNING * * *
The +3 war axe of freezing freezes you.
* * * LOW HITPOINT WARNING * * *
The deep elf mage gestures at you while chanting.
The bolt of lightning hits you!!
You die...

.# .# ......## #.. .#
......##... .## ...........
.# #.# ............. ....
#.# #...........# ...# #.#
#..e.......# ..# .##
#)(......## ##..## .## #
##@........###....# ..# #..
##..........)#...... ..#
.....#.))........)).....#
..#####
#......).........).)...##
......#
#.....##...##...##.)...##
####### ###..#
##.####.####.....# #
#######################.....
#.#.###.............##......
#(...##.............#......#


You could see a deep elf mage and a +3 war axe of freezing.

Vanquished Creatures
  Jorgrun (Orc:1)
  Roxanne (D:14)
  Donald (Orc:2)
  3 orc warlords
  A deep elf sorcerer (Elf:2)
  A deep elf elementalist (Elf:1)
  A stone giant (Orc:2)
  A deep elf demonologist (Elf:1)
  Nessos (D:15)
  A dire elephant (Lair:6)
  2 deep elf death magi
  A deep elf high priest (Elf:1)
  Josephine (D:15)
  5 hydras
  Erica (D:10)
  2 catoblepae
  A merfolk avatar (Lair:6)
  6 centaur warriors
  10 dancing weapons
  8 two-headed ogres
  A tengu warrior (D:12)
  A death yak (D:11)
  4 orc high priests (Orc:2)
  6 deep elf knights
  A glowing orange brain (D:15)
  2 unseen horrors
  11 deep elf archers
  A lindwurm (Lair:3)
  2 wolf spider zombies (D:13)
  Pikel (D:8)
  A phantasmal warrior (D:13)
  2 necromancers
  29 deep elf magi
  2 oklob plants
  4 orc knights
  6 orc sorcerers (Orc:2)
  A harpy (Lair:6)
  9 ugly things
  4 cyclopes
  3 manticores
  11 elephants
  2 black mambas (Lair:6)
  3 ice statues (IceCv)
  2 gargoyles
  10 spiny frogs
  8 komodo dragons
  5 rime drakes
  A demonic crawler (Lair:1)
  2 efreet
  5 trolls
  A tengu conjurer (D:12)
  A troll (shapeshifter) (D:15)
  6 ice devils (IceCv)
  A queen bee (shapeshifter) (Elf:2)
  2 polar bears (Lair:6)
  A meliai (shapeshifter) (D:15)
  A wind drake (Lair:6)
  A polar bear (shapeshifter) (D:15)
  Prince Ribbit (D:7)
  5 slime creatures (D:15)
  4 hornets
  13 blink frogs
  A hippogriff (shapeshifter) (D:15)
  7 hippogriffs
  Sigmund (D:6)
  3 air elementals
  2 shadows (D:13)
  2 vampires
  2 water elementals
  5 wraiths
  4 hungry ghosts
  A fire bat (D:8)
  5 wyverns
  22 yaks
  7 basilisks
  A fire elemental (Elf:2)
  Grum (D:8)
  A golden eye (shapeshifter) (D:15)
  3 vampire mosquitoes (D:15)
  A naga (Lair:3)
  3 swamp worms (Lair:1)
  2 wargs (Orc:2)
  Duvessa (D:7)
  A floating eye (shapeshifter) (D:15)
  18 water moccasins
  7 porcupines
  43 orc warriors
  12 ice beasts
  3 necrophages
  3 sky beasts
  A slave (D:8)
  22 ogres
  14 wolves
  2 phantoms
  3 elephant zombies (Lair:3)
  15 crocodiles
  23 centaurs
  4 big kobolds
  A komodo dragon zombie (Lair:3)
  3 earth elementals (Elf:2)
  13 bullfrogs
  Dowan (D:7)
  A water moccasin zombie (D:9)
  7 scorpions
  11 wights
  2 howler monkeys
  7 electric eels
  5 centaur zombies
  8 crimson imps
  3 bullfrog zombies
  3 draconian simulacra (IceCv)
  A basilisk zombie (Lair:3)
  3 jellies
  24 orc priests
  3 bullfrog skeletons
  3 centaur skeletons
  3 hounds
  21 orc wizards
  2 iguanas (D:7)
  2 troll simulacra (IceCv)
  Natasha (twice) (D:2)
  14 worker ants
  A killer bee zombie (D:9)
  A centaur simulacrum (IceCv)
  2 hound skeletons
  10 gnolls
  5 adders
  2 ogre simulacra (IceCv)
  2 naga simulacra (IceCv)
  5 shadow imps
  An ooze (D:3)
  An adder zombie (D:6)
  An adder skeleton (D:4)
  7 worms
  4 leopard geckos
  118 orcs
  7 bats
  12 giant cockroaches
  13 goblins
  13 hobgoblins
  6 jackals
  29 kobolds
  5 quokkas
  4 ball pythons
  4 frilled lizards
  A giant cockroach zombie (D:5)
  A leopard gecko skeleton (D:4)
  9 rats
  2 plants (Lair:1)
881 creatures vanquished.

Vanquished Creatures (collateral kills)
  A hydra (Lair:4)
  The ghost of Laummuim the Gouger, a journeyman FeFi of Fedhas (Lair:4)
  2 spiny frogs (Lair:4)
  A water moccasin (Lair:4)
5 creatures vanquished.

Vanquished Creatures (others)
  An unseen horror (D:12)
  An orc (Orc:2)
  8 fungi
  11 plants
21 creatures vanquished.

Grand Total: 907 creatures vanquished

Notes
Turn   | Place    | Note
-------+----------+-------------------------------------------
     0 | D:1      | Curus the Minotaur Berserker began the quest for the Orb.
     0 | D:1      | Reached XP level 1. HP: 19/19 MP: 0/0
   115 | D:1      | Reached XP level 2. HP: 22/26 MP: 1/1
   166 | D:1      | Reached skill level 5 in Maces & Flails
   247 | D:1      | Reached XP level 3. HP: 31/31 MP: 2/2
   263 | D:1      | Reached ** piety under Trog
   672 | D:2      | Reached XP level 4. HP: 21/39 MP: 3/3
  1046 | D:2      | Noticed Natasha
  1051 | D:2      | Killed Natasha
  1104 | D:2      | Reached XP level 5. HP: 23/45 MP: 4/4
  1277 | D:3      | Reached *** piety under Trog
  1522 | D:2      | Noticed Natasha
  1531 | D:2      | Killed Natasha
  1583 | D:3      | Gained mutation: You are partially covered in icy blue
                  | scales. (AC +2) [potion of mutation]
  1583 | D:3      | Gained mutation: Your body sometimes deteriorates upon
                  | taking damage. [potion of mutation]
  1583 | D:3      | Gained mutation: You are resistant to hostile enchantments.
                  | (MR+) [potion of mutation]
  1802 | D:4      | Found a staircase to the Ecumenical Temple.
  1812 | D:4      | Reached XP level 6. HP: 44/51 MP: 5/5
  2212 | D:5      | Entered Level 5 of the Dungeon
  2452 | D:5      | Reached **** piety under Trog
  2525 | D:5      | Reached XP level 7. HP: 57/57 MP: 6/6
  2642 | D:5      | Reached skill level 10 in Maces & Flails
  3348 | D:6      | Reached XP level 8. HP: 47/64 MP: 7/7
  3592 | D:6      | Noticed Sigmund
  3616 | D:6      | Killed Sigmund
  3616 | D:6      | Reached ***** piety under Trog
  3985 | D:7      | HP: 3/64 [orc warrior/+0 battleaxe (22)]
  4108 | D:7      | Reached XP level 9. HP: 58/70 MP: 8/8
  4165 | D:7      | Noticed Duvessa
  4168 | D:7      | Noticed Dowan
  4177 | D:7      | Killed Duvessa
  4178 | D:7      | Killed Dowan
  4226 | D:7      | Noticed Prince Ribbit
  4232 | D:7      | Killed Prince Ribbit
  4398 | D:8      | Found Jiweahap's Antique Armour Emporium.
  4399 | D:8      | Noticed Grum
  4410 | D:8      | Reached skill level 5 in Fighting
  4435 | D:8      | Reached skill level 5 in Armour
  4439 | D:8      | Received a gift from Trog
  4453 | D:8      | Killed Grum
  4708 | D:8      | Noticed Pikel
  4718 | D:8      | Killed Pikel
  4853 | D:8      | Noticed Maurice
  4856 | D:8      | Noticed Maurice
  4856 | D:8      | Maurice changed into Maurice the fire bat
  4861 | D:8      | Killed Maurice the fire bat
  4861 | D:8      | Reached XP level 10. HP: 66/88 MP: 9/9
  5387 | D:9      | Found a hide-covered altar of Uskayaw.
  5417 | D:9      | Noticed a gargoyle
  5432 | D:9      | Killed a gargoyle
  5642 | D:9      | Noticed a two-headed ogre
  5652 | D:9      | Killed a two-headed ogre
  5784 | D:9      | Noticed a two-headed ogre
  5794 | D:9      | Killed a two-headed ogre
  5794 | D:9      | Reached skill level 10 in Fighting
  5797 | D:9      | Noticed a two-headed ogre
  5806 | D:9      | Killed a two-headed ogre
  5806 | D:9      | Reached skill level 10 in Armour
  5871 | D:9      | Found a flagged portal.
  5906 | Bailey   | Entered a bailey
  5911 | Bailey   | Noticed an orc warlord
  5960 | Bailey   | Found a runed translucent gate.
  5973 | Bailey   | Found a runed translucent gate.
  5973 | Bailey   | Found a runed translucent gate.
  6123 | Bailey   | Killed an orc warlord
  6123 | Bailey   | Reached XP level 11. HP: 101/101 MP: 10/10
  6157 | Bailey   | Reached XP level 12. HP: 110/114 MP: 11/11
  6759 | D:10     | Entered Level 10 of the Dungeon
  7117 | D:10     | Found a shimmering altar of Xom.
  7298 | D:10     | Noticed Erica
  7309 | D:10     | Killed Erica
  7681 | D:11     | Found a frozen archway.
  7765 | IceCv    | Entered an ice cave
  7913 | IceCv    | Received a gift from Trog
  8572 | D:11     | Found a staircase to the Orcish Mines.
  8717 | D:11     | Found a staircase to the Lair.
  8717 | D:11     | Noticed a death yak
  8734 | D:11     | Reached skill level 15 in Fighting
  8735 | D:11     | Killed a death yak
  8744 | D:11     | Reached XP level 13. HP: 91/125 MP: 12/12
  8747 | D:11     | Reached skill level 15 in Armour
  8758 | Lair:1   | Entered Level 1 of the Lair of Beasts
  8781 | Lair:1   | Reached skill level 1 in Evocations
 10081 | Lair:2   | Found a hole to the Spider Nest.
 10103 | Lair:2   | Received a gift from Trog
 10480 | Lair:2   | Found a staircase to the Swamp.
 11394 | Lair:3   | Reached skill level 15 in Maces & Flails
 11447 | Lair:3   | Noticed Sonja
 11458 | Lair:3   | Noticed Sonja
 11458 | Lair:3   | Sonja changed into Sonja the naga
 11462 | Lair:3   | Killed Sonja the naga
 12237 | Lair:4   | Reached skill level 5 in Evocations
 12313 | Lair:4   | Noticed Laummuim's ghost (journeyman FeFi)
 12317 | Lair:4   | Found a transporter.
 12320 | Lair:4   | Found a transporter.
 12647 | Lair:4   | Received a gift from Trog
 12872 | Lair:4   | Reached XP level 14. HP: 135/135 MP: 16/18
 13130 | Lair:5   | Found the +2 shield of Resistance {rF+ rC+ MR+}
 13258 | Lair:5   | Reached skill level 1 in Shields
 13745 | Lair:6   | Entered Level 6 of the Lair of Beasts
 13934 | Lair:6   | Reached skill level 5 in Shields
 14021 | Lair:6   | Paralysed by a hornet for 1 turns
 14176 | Lair:6   | Reached XP level 15. HP: 104/141 MP: 17/19
 14524 | Lair:6   | Reached ****** piety under Trog
 14610 | Lair:6   | Received a gift from Trog
 15134 | Lair:6   | Reached skill level 10 in Shields
 15239 | Lair:6   | Found a staircase to the Slime Pits.
 15426 | Lair:4   | Killed Laummuim's ghost
 15859 | Orc:1    | Entered Level 1 of the Orcish Mines
 15859 | Orc:1    | Noticed Jorgrun
 15881 | Orc:1    | Killed Jorgrun
 16195 | Orc:2    | Entered Level 2 of the Orcish Mines
 17335 | Orc:2    | Found a roughly hewn altar of Beogh.
 17344 | Orc:2    | Received a gift from Trog
 17409 | Orc:2    | Found Hemocwod's Distillery.
 17421 | Orc:2    | Bought 2 potions of mutation for 208 gold pieces
 17421 | Orc:2    | Bought 2 potions of curing for 78 gold pieces
 17421 | Orc:2    | Bought a potion of curing for 39 gold pieces
 17439 | Orc:2    | Found Yput's Magic Scroll Shop.
 17439 | Orc:2    | Noticed an orc warlord
 17458 | Orc:2    | Killed an orc warlord
 17496 | Orc:2    | Bought a scroll of teleportation for 42 gold pieces
 17496 | Orc:2    | Bought a scroll of teleportation for 42 gold pieces
 17496 | Orc:2    | Bought a scroll of fog for 28 gold pieces
 17496 | Orc:2    | Bought a scroll of fog for 28 gold pieces
 17600 | Orc:2    | Noticed Donald
 17676 | Orc:2    | Found a staircase to the Elven Halls.
 17734 | Orc:2    | Received a gift from Trog
 17837 | Orc:2    | Noticed an orc warlord
 17872 | Orc:2    | Killed an orc warlord
 17919 | Orc:2    | Killed Donald
 17990 | Orc:2    | Found Ysaetiud's Food Shop.
 18314 | Orc:2    | Found a roughly hewn altar of Beogh.
 18454 | Orc:2    | Found Ehycelea's Antique Armour Shoppe.
 18629 | Orc:1    | Lost mutation: Your body sometimes deteriorates upon taking
                  | damage. [potion of mutation]
 18629 | Orc:1    | Lost mutation: You are partially covered in icy blue
                  | scales. (AC +2) [potion of mutation]
 18629 | Orc:1    | Gained mutation: Armour fits poorly on your strangely
                  | shaped body. [potion of mutation]
 18629 | Orc:1    | Gained mutation: You are partially covered in molten
                  | scales. (AC +2) [potion of mutation]
 18629 | Orc:1    | Gained mutation: Your flesh is heat resistant. (rF+)
                  | [potion of mutation]
 18716 | Orc:1    | Lost mutation: Your flesh is heat resistant. (rF+) [potion
                  | of mutation]
 18716 | Orc:1    | Lost mutation: You are resistant to hostile enchantments.
                  | (MR+) [potion of mutation]
 18716 | Orc:1    | Lost mutation: You are partially covered in molten scales.
                  | (AC +2) [potion of mutation]
 18716 | Orc:1    | Lost mutation: Armour fits poorly on your strangely shaped
                  | body. [potion of mutation]
 18716 | Orc:1    | Gained mutation: You are weak. (Str -2) [potion of
                  | mutation]
 18716 | Orc:1    | Lost mutation: You are weak. (Str -2) [potion of mutation]
 18985 | D:12     | Found a basalt altar of Yredelemnul.
 19143 | D:12     | Received a gift from Trog
 19492 | D:12     | Reached XP level 16. HP: 155/155 MP: 6/20
 20838 | D:14     | Found a gate to the Vaults.
 20998 | D:14     | Identified Roxanne's Volume of Transmutation
 20998 | D:14     | Noticed Roxanne
 21054 | D:14     | Killed Roxanne
 21892 | D:15     | Entered Level 15 of the Dungeon
 22124 | D:15     | Noticed Josephine
 22132 | D:15     | Killed Josephine
 22156 | D:15     | Noticed Nessos
 22173 | D:15     | Killed Nessos
 22930 | D:15     | Found a staircase to the Depths.
 23348 | Elf:1    | Entered Level 1 of the Elven Halls
 23373 | Elf:1    | Found Lathios's Antique Armour Boutique.
 23500 | Elf:1    | Received a gift from Trog
 23526 | Elf:1    | Found a radiant altar of Vehumet.
 23793 | Elf:1    | Found Osuiz's Jewellery Shoppe.
 23794 | Elf:1    | Found Eshrecydgh's Gadget Boutique.
 23794 | Elf:1    | Found Tior's Gadget Boutique.
 23802 | Elf:1    | Bought an uncursed amulet of regeneration for 480 gold
                  | pieces
 24223 | Elf:1    | Found the +8 mithril axe "Arga" {speed, MR+}
 24461 | Elf:2    | Received a gift from Trog
 24574 | Elf:2    | Reached XP level 17. HP: 168/168 MP: 7/21
 24981 | Elf:2    | Found a huge runed translucent gate.
 24981 | Elf:2    | Found a huge runed translucent gate.
 24981 | Elf:2    | Found a huge runed translucent gate.
 24984 | Elf:2    | Found a huge runed translucent gate.
 24985 | Elf:2    | Found a huge runed translucent gate.
 25348 | Elf:2    | Killed from afar by a deep elf mage

Levels and vault maps discovered:
D:1:      eino_arrival_cavern_c, layout_basic
D:2:      layout_loops_ring, first_ration, uniq_natasha
D:3:      layout_rooms
D:4:      layout_rooms, minmay_temple_entry_proselytizer
D:5:      layout_loops_ring, st_stairs_3
D:6:      layout_cave_pods, uniq_sigmund
D:7:      layout_rooms, uniq_duvessa, uniq_prince_ribbit1
D:8:      layout_loops_ring, serial_shops, shop_statue, uniq_grum, uniq_pikel,
          uniq_maurice
D:9:      layout_cave_pools, lemuel_round_altar, enter_bailey_2, grunt_ogre_cave
D:10:     layout_loops_corners, xom_teletrap_fun, uniq_erica
D:11:     layout_gridville, david_lair_generic, david_orc_4,
          portal_ice_cave_entry_ice_beasts
D:12:     layout_irregular_city, basic_altar
D:13:     kennysheep_scales, layout_long_grid
D:14:     layout_basic, erik_vaults_1, roderic_serpentine_path, uniq_roxanne
D:15:     gammafunk_enter_depths_forms, layout_loops_ring,
          serial_park_tiny_pond, uniq_josephine, uniq_nessos
Lair:1:   layout_small_grid, st_stairs_9, worms_lemuel,
          minmay_lair_oklob_chamber, lemuel_fruit_fields
Lair:2:   layout_cave_pods, swamp_mist, nicolae_spider_entry_non_spiders,
          cheibrodos_lair_caveside_slide
Lair:3:   pond_and_an_island_with_a_cottage, layout_chaotic_city,
          serial_bayou_shore_a, uniq_sonja
Lair:4:   layout_loops_ring, gammafunk_ghost_arena
Lair:5:   layout_long_grid
Lair:6:   gammafunk_lair_ancient_temple, layout_loops_ring,
          minmay_slime_entry_oklob_enclosed, lemuel_fruit_tree,
          serial_bayou_shore_b
Orc:1:    nicolae_orc_accident_3, layout_caves, uniq_jorgrun
Orc:2:    pubby_orc_utopia, uniq_donald
Elf:1:    minmay_elf_arrival_summoners, layout_gridlike, basic_altar,
          serial_shops, shop, kennysheep_underground_church, minivault_16,
          minmay_shop_grove
Elf:2:    layout_loops_cross

Skill      XL: |  1  2  3  4  5  6  7  8  9 10 11 12 13 14 15 16 |
---------------+-------------------------------------------------+-----
Maces & Flails | 4 5 6 7 8 9 11 13 14 16 | 16.8
Fighting       | 7 11 13 15 17 19 | 19.8
Armour         | 7 10 12 14 15 16 19 | 19.7
Evocations     | 7 |  7.1
Shields        | 6 10 | 10.1
Dodging        | |  2.1

Action                   |  1- 3 |  4- 6 |  7- 9 | 10-12 | 13-15 | 16-18 || total
-------------------------+-------+-------+-------+-------+-------+-------++-------
Melee: Mace              |    81 |    10 |       |       |       |       ||    91
       Headbutt          |    11 |    34 |    63 |   110 |   378 |   246 ||   842
       Flail             |       |   165 |   309 |    59 |   390 |       ||   923
       Dire flail        |       |       |       |   458 |     3 |       ||   461
       Great mace        |       |       |       |       |   352 |       ||   352
       Morningstar       |       |       |       |       |   395 |       ||   395
       Eveningstar       |       |       |       |       |   257 |   443 ||   700
       Demon whip        |       |       |       |       |       |   368 ||   368
Invok: Berserk           |       |       |     1 |     3 |     7 |     5 ||    16
       Trog's Hand       |       |       |     1 |       |     4 |     2 ||     7
       Brothers in Arms  |       |       |       |       |     1 |       ||     1
 Abil: Evoke Flight      |       |       |       |       |     4 |     3 ||     7
Evoke: Wand              |       |       |     5 |     8 |    21 |     5 ||    39
  Use: Scroll            |     3 |     8 |     3 |     8 |     9 |     5 ||    36
       Potion            |     3 |     4 |     3 |     2 |     6 |     1 ||    19
  Eat: Chunk             |       |     5 |    12 |    12 |    32 |    10 ||    71
       Ration            |       |       |       |     2 |     4 |     4 ||    10
Armor: Chain mail        |    45 |    80 |    30 |       |       |       ||   155
       Plate armour      |       |       |   154 |   292 |   818 |   332 ||  1596
Dodge: Dodged            |    38 |    67 |   111 |   144 |   356 |   150 ||   866
Block: Shield            |       |       |       |       |   681 |   484 ||  1165
